[Event "RUS-ch Women Rapid 2019"]
[Site "Sochi"]
[Date "2019.10.15"]
[Round "5.2"]
[White "Pogonina, Natalija"]
[Black "Karavaeva, Olga"]
[Result "1-0"]
[ECO "D30"]
[WhiteElo "2501"]
[BlackElo "2260"]
[Annotator "ChessBase"]
[PlyCount "53"]
[EventDate "2019.10.15"]
[EventType "swiss"]
[EventCountry "RUS"]
[SourceTitle "playchess.com"]
[Source "ChessBase"]
[SourceQuality "1"]
[TimeControl "900+10"]

1. d4 d5 2. c4 e6 3. g3 c6 4. Qc2 Nf6 5. Nf3 Bd6 6. Bg2 O-O 7. O-O Nbd7 8. Nbd2 Qe7 9. Re1 Rd8 10. e4 dxe4 11. Nxe4 Nxe4 12. Qxe4 h6 13. a3 a5 14. Bd2 Qf8 15. Bc3 Nf6 16. Qe2 c5 17. Rad1 Ra6 18. Ne5 a4 19. Qc2 Be7 20. d5 exd5 21. cxd5 Bd7 22. h3 Be8 23. Qe2 Rad6 24. Ng4 Nxg4 25. Qxe7 Nf6 26. Bxf6 Rxf6 27. Qxd8 1-0

[Event "RUS-ch Women Rapid 2019"]
[Site "Sochi"]
[Date "2019.10.15"]
[Round "5.3"]
[White "Voit, Daria"]
[Black "Samigullina, Diana"]
[Result "1-0"]
[ECO "D11"]
[WhiteElo "2361"]
[BlackElo "2161"]
[Annotator "NA"]
[PlyCount "147"]
[EventDate "2019.10.15"]
[EventType "swiss"]
[EventCountry "RUS"]
[SourceTitle "playchess.com"]
[Source "ChessBase"]
[SourceQuality "1"]
[TimeControl "900+10"]

1. d4 d5 2. c4 c6 3. Nf3 Nf6 4. e3 a6 5. Bd3 b5 6. b3 Bg4 7. h3 Bh5 8. O-O e6 9. a4 b4 10. Nbd2 Bg6 11. Qc2 Bxd3 12. Qxd3 Be7 13. e4 O-O 14. e5 Nfd7 15. Re1 c5 16. cxd5 exd5 17. e6 fxe6 18. Rxe6 Bf6 19. Bb2 Qc7 20. Rae1 Nc6 21. Qf5 Nb6 22. dxc5 Bxb2 23. cxb6 Qd7 24. Qc2 Nd4 25. Nxd4 Bxd4 26. Nf3 Bc3 27. Re7 Qd6 28. R1e6 Qf4 29. b7 Rad8 30. Rxa6 d4 31. Ne5 d3 32. Nxd3 Qf5 33. Ra8 Rxa8 34. bxa8=Q Rxa8 35. Qe2 Rf8 36. Qe6+ Qxe6 37. Rxe6 Rd8 38. Re3 Bd2 39. Rf3 Rc8 40. Kf1 Rc3 41. Ke2 Rc2 42. Kd1 Ra2 43. Ne5 Bc3 44. Nc4 g6 45. h4 Kg7 46. g3 h6 47. g4 Bd4 48. Ke1 Ra1+ 49. Ke2 Ra2+ 50. Kf1 Ra1+ 51. Kg2 Ra2 52. Rf4 Bc3 53. Kf3 Be1 54. Ke3 Bc3 55. h5 gxh5 56. gxh5 Bf6 57. Rf5 Ra1 58. Kd3 Ra2 59. Na5 Bh4 60. f3 Bf6 61. Kc4 Be7 62. Nc6 Rc2+ 63. Kb5 Bd6 64. Nxb4 Rc3 65. Nd5 Rxb3+ 66. Kc6 Bf8 67. a5 Ra3 68. Nc7 Rc3+ 69. Kb7 Rb3+ 70. Nb5 Be7 71. a6 Rd3 72. a7 Rd7+ 73. Kc6 Rd8 74. Nc7 1-0

[Event "RUS-ch Women Rapid 2019"]
[Site "Sochi"]
[Date "2019.10.15"]
[Round "5.4"]
[White "Belkova, Diana"]
[Black "Shafigullina, Zarina"]
[Result "1/2-1/2"]
[ECO "B33"]
[WhiteElo "2030"]
[BlackElo "2295"]
[Annotator "NA"]
[PlyCount "101"]
[EventDate "2019.10.15"]
[EventType "swiss"]
[EventCountry "RUS"]
[SourceTitle "playchess.com"]
[Source "ChessBase"]
[SourceQuality "1"]
[TimeControl "900+10"]

1. e4 c5 2. Nf3 Nc6 3. d4 cxd4 4. Nxd4 Nf6 5. Nc3 e5 6. Ndb5 d6 7. Bg5 a6 8. Na3 b5 9. Bxf6 gxf6 10. Nd5 f5 11. Bd3 f4 12. Qh5 Bg7 13. O-O Ne7 14. c4 Nxd5 15. cxd5 Bd7 16. Nc2 O-O 17. g3 Qf6 18. f3 Qg6 19. Qxg6 fxg6 20. Rac1 Bh6 21. g4 Bg5 22. Nb4 Bd8 23. Kf2 Bb6+ 24. Ke2 Kf7 25. Rc2 Kf6 26. h4 Bc5 27. Nc6 Be3 28. b3 Rfc8 29. Nb4 Bc5 30. Nc6 Rc7 31. b4 Be3 32. a4 bxa4 33. Ra1 Bxc6 34. dxc6 Rac8 35. Rxa4 Rxc6 36. Rxc6 Rxc6 37. Rxa6 Rxa6 38. Bxa6 h5 39. Bc8 Ke7 40. b5 Bb6 41. gxh5 gxh5 42. Bf5 Kf6 43. Bd7 Ke7 44. Bf5 Kf6 45. Kd3 d5 46. Bd7 Ke7 47. Bf5 Kf6 48. Bd7 Ke7 49. Bf5 Kf6 50. Bd7 Ke7 51. Bf5 1/2-1/2

[Event "RUS-ch Women Rapid 2019"]
[Site "Sochi"]
[Date "2019.10.15"]
[Round "5.5"]
[White "Bivol, Alina"]
[Black "Bodnaruk, Anastasia"]
[Result "0-1"]
[ECO "A25"]
[WhiteElo "2283"]
[BlackElo "2449"]
[Annotator "NA"]
[PlyCount "78"]
[EventDate "2019.10.15"]
[EventType "swiss"]
[EventCountry "RUS"]
[SourceTitle "playchess.com"]
[Source "ChessBase"]
[SourceQuality "1"]
[TimeControl "900+10"]

1. c4 e5 2. g3 Nc6 3. Bg2 g6 4. Nc3 Bg7 5. Nf3 d6 6. O-O f5 7. d3 Nf6 8. Rb1 O-O 9. b4 h6 10. b5 Ne7 11. Qc2 g5 12. c5 f4 13. cxd6 cxd6 14. Qb3+ Kh8 15. Ba3 Nf5 16. Qb4 Be6 17. Rfd1 Qe8 18. Ne4 Nd5 19. Qd2 g4 20. Ne1 Rd8 21. Nc2 Qh5 22. Nb4 f3 23. Bf1 fxe2 24. Bxe2 Nd4 25. Nxd5 Bxd5 26. Bb2 Bxe4 27. Bxd4 Bf3 28. Be3 Rf5 29. Bxf3 gxf3 30. Qe1 d5 31. Bxa7 Qg4 32. Qf1 Rh5 33. Rdc1 Rh3 34. Rb4 d4 35. Bxd4 exd4 36. Rc5 Bf8 37. Rbc4 Bxc5 38. Rxc5 Re8 39. Qc1 Qe6 0-1

[Event "RUS-ch Women Rapid 2019"]
[Site "Sochi"]
[Date "2019.10.15"]
[Round "5.6"]
[White "Styazhkina, Anna"]
[Black "Kovanova, Baira"]
[Result "1-0"]
[ECO "C55"]
[WhiteElo "2280"]
[BlackElo "2288"]
[Annotator "NA"]
[PlyCount "73"]
[EventDate "2019.10.15"]
[EventType "swiss"]
[EventCountry "RUS"]
[SourceTitle "playchess.com"]
[Source "ChessBase"]
[SourceQuality "1"]
[TimeControl "900+10"]

1. e4 e5 2. Nf3 Nc6 3. Bc4 Nf6 4. d3 Be7 5. Nc3 d6 6. a3 Be6 7. Nd5 Qd7 8. h3 Nd4 9. Be3 Nxf3+ 10. Qxf3 Nxd5 11. exd5 Bf5 12. O-O-O a6 13. d4 e4 14. Qe2 Bg6 15. Bf4 Qf5 16. Qe3 Qd7 17. Rhe1 f5 18. Qb3 b5 19. Be2 O-O 20. Kb1 Bf7 21. f3 Qc8 22. fxe4 fxe4 23. Bg4 Qb7 24. Rxe4 Qxd5 25. Qxd5 Bxd5 26. Rxe7 Rxf4 27. Rxc7 Raf8 28. Rd7 R8f6 29. g3 Rf1 30. Kc1 R1f2 31. Re1 h6 32. b3 Bf7 33. Re3 Rf1+ 34. Kb2 h5 35. Be2 Rg1 36. Bd3 Rg2 37. Rd8+ 1-0

[Event "RUS-ch Women Rapid 2019"]
[Site "Sochi"]
[Date "2019.10.15"]
[Round "5.7"]
[White "Ovod, Evgenija"]
[Black "Dumcheva, Julia"]
[Result "1-0"]
[ECO "C55"]
[WhiteElo "2347"]
[BlackElo "2168"]
[Annotator "NA"]
[PlyCount "77"]
[EventDate "2019.10.15"]
[EventType "swiss"]
[EventCountry "RUS"]
[SourceTitle "playchess.com"]
[Source "ChessBase"]
[SourceQuality "1"]
[TimeControl "900+10"]

1. e4 e5 2. Nf3 Nc6 3. Bc4 Nf6 4. d3 Be7 5. O-O O-O 6. Nbd2 d6 7. a4 Be6 8. a5 Qc8 9. a6 b6 10. c3 Bxc4 11. Nxc4 Nb8 12. Qa4 c6 13. Ne3 Rd8 14. b4 Nbd7 15. Nf5 Bf8 16. Qb3 c5 17. Re1 Qc7 18. Ng5 Nb8 19. f4 g6 20. Ne3 h6 21. Nd5 Nxd5 22. Qxd5 Nc6 23. Nxf7 Qxf7 24. Qxc6 exf4 25. bxc5 dxc5 26. e5 Rac8 27. Qe4 Qf5 28. Qc4+ Kh7 29. Bxf4 b5 30. Qe4 Rxd3 31. Qb7+ Bg7 32. e6 Qxf4 33. Qxc8 Rd2 34. Qb7 Qf2+ 35. Kh1 Re2 36. Rxe2 Qxe2 37. Qf7 b4 38. e7 Qb2 39. Rf1 1-0

[Event "RUS-ch Women Rapid 2019"]
[Site "Sochi"]
[Date "2019.10.15"]
[Round "5.8"]
[White "Gutkovich, Polina"]
[Black "Chernyak, Viktoria"]
[Result "0-1"]
[ECO "D35"]
[WhiteElo "2105"]
[BlackElo "2284"]
[Annotator "NA"]
[PlyCount "59"]
[EventDate "2019.10.15"]
[EventType "swiss"]
[EventCountry "RUS"]
[SourceTitle "playchess.com"]
[Source "ChessBase"]
[SourceQuality "1"]
[TimeControl "900+10"]

1. d4 d5 2. c4 e6 3. Nc3 Nf6 4. cxd5 exd5 5. Bg5 Bb4 6. e3 h6 7. Bh4 g5 8. Bg3 Ne4 9. Qb3 Bxc3+ 10. bxc3 h5 11. f3 Nxg3 12. hxg3 c6 13. Bd3 Nd7 14. Ne2 Nf6 15. e4 dxe4 16. fxe4 Qe7 17. Qc2 Ng4 18. Qd2 Be6 19. d5 cxd5 20. Bb5+ Kf8 21. exd5 Rd8 22. c4 Bf5 23. O-O Bg6 24. Nd4 Kg8 25. Rae1 Qc5 26. Be8 Rd6 27. Re7 Rh7 28. Rxb7 Qxc4 29. Nb3 Rxd5 30. Qb2 0-1

[Event "RUS-ch Women Rapid 2019"]
[Site "Sochi"]
[Date "2019.10.15"]
[Round "5.9"]
[White "Bykova, Anastasia"]
[Black "Borisova, Ekaterina"]
[Result "1/2-1/2"]
[ECO "D11"]
[WhiteElo "2247"]
[BlackElo "2347"]
[Annotator "NA"]
[PlyCount "87"]
[EventDate "2019.10.15"]
[EventType "swiss"]
[EventCountry "RUS"]
[SourceTitle "playchess.com"]
[Source "ChessBase"]
[SourceQuality "1"]
[TimeControl "900+10"]

1. d4 d5 2. c4 c6 3. Nf3 Nf6 4. e3 Bg4 5. Be2 Nbd7 6. Qb3 Qb6 7. Nc3 e6 8. h3 Bh5 9. O-O Be7 10. Re1 O-O 11. Bd2 Rfd8 12. Rad1 Rac8 13. Bf1 Ne4 14. g4 Nxd2 15. Rxd2 Bg6 16. Bg2 dxc4 17. Qxc4 Qb4 18. Qe2 Nb6 19. Ne5 Bf6 20. a3 Qb3 21. Nxg6 hxg6 22. Ne4 Be7 23. Rc1 Nd5 24. Nc5 Bxc5 25. Rxc5 b6 26. Qc4 Qxc4 27. Rxc4 Rc7 28. Rdc2 Rdc8 29. b4 g5 30. e4 Nf4 31. d5 exd5 32. exd5 c5 33. d6 Rd7 34. bxc5 bxc5 35. Rxc5 Rxc5 36. Rxc5 Rxd6 37. Be4 g6 38. Kh2 Rd4 39. Bc2 Rd2 40. Kg3 Kg7 41. Be4 Rd4 42. Bc2 Rd2 43. Be4 Rd4 44. Bc2 1/2-1/2

[Event "RUS-ch Women Rapid 2019"]
[Site "Sochi"]
[Date "2019.10.15"]
[Round "5.10"]
[White "Ivanova, Anastasia S."]
[Black "Semenova, Elena"]
[Result "1/2-1/2"]
[ECO "C89"]
[WhiteElo "1866"]
[BlackElo "2282"]
[Annotator "NA"]
[PlyCount "73"]
[EventDate "2019.10.15"]
[EventType "swiss"]
[EventCountry "RUS"]
[SourceTitle "playchess.com"]
[Source "ChessBase"]
[SourceQuality "1"]
[TimeControl "900+10"]

1. e4 e5 2. Nf3 Nc6 3. Bb5 a6 4. Ba4 Nf6 5. O-O Be7 6. Re1 b5 7. Bb3 O-O 8. c3 d5 9. exd5 Nxd5 10. Nxe5 Nxe5 11. Rxe5 c6 12. d4 Bd6 13. Re1 Qh4 14. g3 Qh3 15. Bxd5 cxd5 16. Qf3 Bf5 17. Qg2 Qh5 18. f3 Bh3 19. Qf2 f5 20. f4 Rae8 21. Be3 g5 22. Nd2 h6 23. Qf3 Qxf3 24. Nxf3 gxf4 25. Bxf4 Bxf4 26. gxf4 Re4 27. Kf2 Bg4 28. Rxe4 fxe4 29. Ne5 Bh5 30. Rg1+ Kh7 31. Ke3 Be8 32. Rg3 Rf5 33. Rh3 Kg7 34. Rg3+ Kh7 35. Rh3 Kg7 36. Rg3+ Kh7 37. Rh3 1/2-1/2

[Event "RUS-ch Women Rapid 2019"]
[Site "Sochi"]
[Date "2019.10.15"]
[Round "5.11"]
[White "Fominykh, Maria"]
[Black "Goltseva, Ekaterina"]
[Result "0-1"]
[ECO "A06"]
[WhiteElo "2206"]
[BlackElo "2317"]
[Annotator "NA"]
[PlyCount "128"]
[EventDate "2019.10.15"]
[EventType "swiss"]
[EventCountry "RUS"]
[SourceTitle "playchess.com"]
[Source "ChessBase"]
[SourceQuality "1"]
[TimeControl "900+10"]

1. Nf3 d5 2. g3 Nf6 3. Bg2 c5 4. d3 e6 5. O-O Nc6 6. Nbd2 g6 7. e4 Bg7 8. Re1 O-O 9. c3 a5 10. a4 b6 11. Qc2 Ba6 12. Bf1 Rc8 13. Nb1 Nd7 14. Bg5 Qc7 15. Bf4 e5 16. Bd2 Qd6 17. Na3 f5 18. exd5 Qxd5 19. Ng5 h6 20. Bg2 Qxd3 21. Qxd3 Bxd3 22. Bd5+ Kh8 23. Nf7+ Kh7 24. Nd6 Ne7 25. Nxc8 Nxd5 26. Nd6 e4 27. f4 exf3 28. Re6 Rf6 29. Rae1 Be2 30. Rxf6 N7xf6 31. Rc1 Ng4 32. Be1 Ne5 33. Bf2 h5 34. Nc2 Nd3 35. Rb1 Nf6 36. h3 Bf8 37. Nf7 Ne4 38. Be3 Be7 39. Kh2 Kg7 40. Nh6 f2 41. Bxf2 Nexf2 42. Nxf5+ gxf5 43. Ne3 Kg6 44. Nd5 Bd8 45. b4 cxb4 46. cxb4 axb4 47. Nxb4 Nxb4 48. Rxb4 Ne4 49. Rb2 Bd1 50. Rb4 Bc7 51. Kg2 Nc5 52. g4 hxg4 53. hxg4 fxg4 54. Rd4 Bf3+ 55. Kf2 Kg5 56. Rc4 Bd6 57. Ke3 Bc6 58. Rd4 Be5 59. Rb4 Nxa4 60. Kf2 b5 61. Kg1 g3 62. Kf1 g2+ 63. Kg1 Nc3 64. Kf2 Bh2 0-1

[Event "RUS-ch Women Rapid 2019"]
[Site "Sochi"]
[Date "2019.10.15"]
[Round "5.12"]
[White "Charochkina, Daria"]
[Black "Chekmareva, Liya"]
[Result "1-0"]
[ECO "A02"]
[WhiteElo "2289"]
[BlackElo "2023"]
[Annotator "NA"]
[PlyCount "43"]
[EventDate "2019.10.15"]
[EventType "swiss"]
[EventCountry "RUS"]
[SourceTitle "playchess.com"]
[Source "ChessBase"]
[SourceQuality "1"]
[TimeControl "900+10"]

1. f4 c5 2. e3 g6 3. Nf3 Bg7 4. d4 Nf6 5. c3 b6 6. Bd3 Bb7 7. O-O O-O 8. Nbd2 Nc6 9. Qe2 cxd4 10. exd4 Qc7 11. f5 Nh5 12. Ne4 Rae8 13. Bd2 d5 14. Neg5 e5 15. fxe6 fxe6 16. Nxh7 Kxh7 17. Ng5+ Kg8 18. Rxf8+ Bxf8 19. Bxg6 Nf4 20. Bxf4 Qxf4 21. Bxe8 Qxg5 22. Bxc6 1-0

[Event "RUS-ch Women Rapid 2019"]
[Site "Sochi"]
[Date "2019.10.16"]
[Round "6.1"]
[White "Pogonina, Natalija"]
[Black "Sukhareva, Evgeniya"]
[Result "1-0"]
[ECO "A62"]
[WhiteElo "2501"]
[BlackElo "2122"]
[Annotator "ChessBase"]
[PlyCount "67"]
[EventDate "2019.10.15"]
[EventType "swiss"]
[EventCountry "RUS"]
[SourceTitle "playchess.com"]
[Source "ChessBase"]
[SourceQuality "1"]
[TimeControl "900+10"]

1. d4 Nf6 2. c4 e6 3. g3 c5 4. d5 exd5 5. cxd5 d6 6. Bg2 g6 7. Nc3 Bg7 8. Nf3 O-O 9. O-O Re8 10. Bf4 Nh5 11. Bg5 f6 12. Bd2 Na6 13. e4 f5 14. exf5 Bxf5 15. Ng5 Qd7 16. Ne6 Rxe6 17. dxe6 Bxe6 18. Re1 Nc7 19. Bxb7 Rb8 20. Bf3 Nf6 21. Bf4 Nfe8 22. Qd2 Qf7 23. Bg2 d5 24. Rxe6 Qxe6 25. Bxd5 Nxd5 26. Bxb8 Ndf6 27. Re1 Qb6 28. Be5 Qc6 29. Qe2 h6 30. Ne4 Kh7 31. Bc3 c4 32. Nxf6+ Nxf6 33. Qe7 Kh8 34. Re6 1-0

[Event "RUS-ch Women Rapid 2019"]
[Site "Sochi"]
[Date "2019.10.16"]
[Round "6.2"]
[White "Chernyak, Viktoria"]
[Black "Voit, Daria"]
[Result "0-1"]
[ECO "A35"]
[WhiteElo "2284"]
[BlackElo "2361"]
[Annotator "NA"]
[PlyCount "48"]
[EventDate "2019.10.15"]
[EventType "swiss"]
[EventCountry "RUS"]
[SourceTitle "playchess.com"]
[Source "ChessBase"]
[SourceQuality "1"]
[TimeControl "900+10"]

1. Nf3 Nf6 2. c4 c5 3. Nc3 Nc6 4. e3 e5 5. d4 e4 6. Ne5 Bd6 7. f4 exf3 8. Nxf3 Qe7 9. Be2 O-O 10. d5 Ne5 11. Nxe5 Bxe5 12. Qd3 d6 13. Bd2 a6 14. O-O-O b5 15. Rdf1 bxc4 16. Qxc4 Bd7 17. Rf2 Bb5 18. Qb3 Bxc3 19. bxc3 Ne4 20. Bxb5 Nxf2 21. Rf1 axb5 22. Rxf2 Qe4 23. Kd1 Qd3 24. Rf4 Rfe8 0-1

[Event "RUS-ch Women Rapid 2019"]
[Site "Sochi"]
[Date "2019.10.16"]
[Round "6.3"]
[White "Bodnaruk, Anastasia"]
[Black "Belkova, Diana"]
[Result "1-0"]
[ECO "B36"]
[WhiteElo "2449"]
[BlackElo "2030"]
[Annotator "NA"]
[PlyCount "73"]
[EventDate "2019.10.15"]
[EventType "swiss"]
[EventCountry "RUS"]
[SourceTitle "playchess.com"]
[Source "ChessBase"]
[SourceQuality "1"]
[TimeControl "900+10"]

1. e4 c5 2. Nf3 Nc6 3. d4 cxd4 4. Nxd4 g6 5. c4 Nf6 $14 6. Nc3 Nxd4 7. Qxd4 d6 8. Be3 Bg7 9. f3 O-O 10. Qd2 Be6 11. Rc1 Qa5 12. Be2 Rfc8 13. b3 a6 14. O-O b5 15. Nd5 Qxd2 16. Bxd2 Nxd5 17. cxd5 Bd4+ 18. Kh1 Bd7 19. Bd3 Rxc1 20. Rxc1 Rc8 21. Rxc8+ Bxc8 22. g3 f6 23. Kg2 Kf7 24. f4 e6 25. dxe6+ Bxe6 26. Kf3 d5 27. f5 dxe4+ 28. Kxe4 Bg1 29. fxe6+ Kxe6 30. Be3 Bxe3 31. Kxe3 Kd5 32. Be4+ Kc5 33. a3 a5 34. g4 a4 35. bxa4 bxa4 36. Bc2 Kb5 37. Kd4 1-0

[Event "RUS-ch Women Rapid 2019"]
[Site "Sochi"]
[Date "2019.10.16"]
[Round "6.4"]
[White "Goltseva, Ekaterina"]
[Black "Ovod, Evgenija"]
[Result "1/2-1/2"]
[ECO "D35"]
[WhiteElo "2317"]
[BlackElo "2347"]
[Annotator "NA"]
[PlyCount "63"]
[EventDate "2019.10.15"]
[EventType "swiss"]
[EventCountry "RUS"]
[SourceTitle "playchess.com"]
[Source "ChessBase"]
[SourceQuality "1"]
[TimeControl "900+10"]

1. d4 Nf6 2. c4 e6 3. Nc3 d5 4. cxd5 Nxd5 5. e4 Nxc3 6. bxc3 c5 7. Rb1 Be7 8. Nf3 O-O 9. Be2 b6 10. O-O Bb7 11. Qd3 cxd4 12. cxd4 Nd7 13. Bb2 b5 14. Bc3 a5 15. Qxb5 Bxe4 16. Rbc1 a4 17. Ne5 Nf6 18. Nc6 Bxc6 19. Qxc6 Ba3 20. Rb1 Nd5 21. Bb2 Qe7 22. Rfc1 Bd6 23. Bf3 Bf4 24. Rc5 Rfb8 25. Bxd5 exd5 26. g3 a3 27. gxf4 axb2 28. Rxb2 Qe1+ 29. Kg2 Qe4+ 30. Kg1 Qe1+ 31. Kg2 Qe4+ 32. Kg1 1/2-1/2

[Event "RUS-ch Women Rapid 2019"]
[Site "Sochi"]
[Date "2019.10.16"]
[Round "6.5"]
[White "Shafigullina, Zarina"]
[Black "Styazhkina, Anna"]
[Result "1/2-1/2"]
[ECO "A06"]
[WhiteElo "2295"]
[BlackElo "2280"]
[Annotator "ChessBase"]
[PlyCount "155"]
[EventDate "2019.10.15"]
[EventType "swiss"]
[EventCountry "RUS"]
[SourceTitle "playchess.com"]
[Source "ChessBase"]
[SourceQuality "1"]
[TimeControl "900+10"]

1. Nf3 d5 2. g3 c6 3. Bg2 Bg4 4. O-O Nd7 5. d4 e6 6. Nbd2 Ngf6 7. Re1 Be7 8. e4 dxe4 9. Nxe4 Nxe4 10. Rxe4 Nf6 11. Re1 O-O 12. c3 Qa5 13. h3 Bh5 14. Qb3 Qb6 15. Ne5 Qxb3 16. axb3 Bg6 17. Nxg6 hxg6 18. b4 a6 19. Bf4 Nd5 20. Bxd5 cxd5 21. Ra5 Bd8 22. Ra2 Bb6 23. Rea1 Rac8 24. Bd6 Rfd8 25. Bc5 Bc7 26. b5 axb5 27. Ra7 b6 28. Bb4 e5 29. dxe5 Bxe5 30. Re1 Bf6 31. Kf1 Rc6 32. Be7 Bxe7 33. Rexe7 Rf6 34. Red7 Re8 35. Rxd5 Re3 36. g4 g5 37. Rxg5 Ref3 38. Rf5 R6xf5 39. gxf5 Rxf5 40. Rb7 Rf6 41. Ke2 Kh7 42. Ke3 Kg6 43. Rd7 Re6+ 44. Kd3 Kf6 45. f4 Rc6 46. Rd5 Rc5 47. Rd7 Ke6 48. Rb7 Rd5+ 49. Ke4 Rd6 50. h4 g6 51. Rb8 Rc6 52. Re8+ Kf6 53. Kd5 Rc5+ 54. Ke4 b4 55. Rb8 bxc3 56. Rxb6+ Kg7 57. bxc3 Rxc3 58. f5 Rc4+ 59. Kf3 gxf5 60. h5 Rh4 61. Rb5 Rxh5 62. Kf4 Kg6 63. Rb6+ f6 64. Rb8 Rh4+ 65. Kg3 Ra4 66. Rg8+ Kf7 67. Rb8 Rd4 68. Kf3 Ke6 69. Re8+ Kf7 70. Ra8 f4 71. Ra5 Kg6 72. Rb5 Kf7 73. Ra5 Ke6 74. Ra6+ Kf5 75. Ra5+ Kg6 76. Rb5 f5 77. Rb8 Kg5 78. Rg8+ 1/2-1/2

[Event "RUS-ch Women Rapid 2019"]
[Site "Sochi"]
[Date "2019.10.16"]
[Round "6.6"]
[White "Ambartsumova, Karina"]
[Black "Samigullina, Diana"]
[Result "1-0"]
[ECO "A06"]
[WhiteElo "2336"]
[BlackElo "2161"]
[Annotator "NA"]
[PlyCount "95"]
[EventDate "2019.10.15"]
[EventType "swiss"]
[EventCountry "RUS"]
[SourceTitle "playchess.com"]
[Source "ChessBase"]
[SourceQuality "1"]
[TimeControl "900+10"]

1. Nf3 d5 2. e3 Nf6 3. c4 c6 4. Nc3 e6 5. b3 Bd6 6. Bb2 O-O 7. Be2 Nbd7 8. Qc2 Qe7 9. Rg1 a6 10. g4 Ba3 11. g5 Ne8 12. Bxa3 Qxa3 13. h4 b5 14. h5 bxc4 15. bxc4 Rb8 16. g6 fxg6 17. Ng5 Qb2 18. Qxb2 Rxb2 19. Nxe6 Rf6 20. cxd5 cxd5 21. Nf4 Bb7 22. hxg6 hxg6 23. O-O-O Rbb6 24. Nfxd5 Bxd5 25. Nxd5 Rfc6+ 26. Nc3 Kf7 27. Bf3 Rc8 28. Bd5+ Kf8 29. Kc2 Nef6 30. Bg2 Nc5 31. Rb1 Rd6 32. f3 Na4 33. Rb3 Nd5 34. Bh3 Rc7 35. Re1 Rdc6 36. e4 Ndxc3 37. dxc3 Rxc3+ 38. Kd2 Rc2+ 39. Ke3 Rxa2 40. Rb8+ Ke7 41. Rg1 Rc3+ 42. Kf4 Raa3 43. Rxg6 Kf7 44. Rg3 Nc5 45. Ra8 Nd3+ 46. Kg5 Rc7 47. f4 Nc5 48. Rxa3 1-0

[Event "RUS-ch Women Rapid 2019"]
[Site "Sochi"]
[Date "2019.10.16"]
[Round "6.7"]
[White "Semenova, Elena"]
[Black "Charochkina, Daria"]
[Result "0-1"]
[ECO "B01"]
[WhiteElo "2282"]
[BlackElo "2289"]
[Annotator "NA"]
[PlyCount "96"]
[EventDate "2019.10.15"]
[EventType "swiss"]
[EventCountry "RUS"]
[SourceTitle "playchess.com"]
[Source "ChessBase"]
[SourceQuality "1"]
[TimeControl "900+10"]

1. e4 d5 2. exd5 Qxd5 3. Nc3 Qd6 4. d4 Nf6 5. Nf3 g6 $14 6. Be2 Bg7 7. O-O O-O 8. h3 a6 9. Re1 b5 10. Ne5 Rd8 11. Bf3 Ra7 12. Bf4 Qb6 13. Qe2 e6 14. a4 c6 15. axb5 cxb5 16. Be3 Nd5 17. Nxd5 exd5 18. Bd2 a5 19. Nd3 Bxd4 20. c3 Bf6 21. Bh6 Be6 22. Nf4 Re7 23. Qc2 Na6 24. Ne2 Bf5 25. Qd2 Be4 26. Nd4 Nc5 27. Qf4 Nd3 28. Qg3 Nxe1 29. Rxe1 Bxf3 30. Rxe7 Bxe7 31. Qxf3 Bf6 32. Nxb5 Bg7 33. Bxg7 Kxg7 34. Nd4 Qxb2 35. Qg3 Qb1+ 36. Kh2 Qb8 37. f4 Re8 38. Nf5+ Kf8 39. Ne3 Qd6 40. Qf3 Re4 41. g3 a4 42. c4 Qe6 43. Nxd5 Re2+ 44. Kg1 Ra2 45. Qc3 f6 46. Qb4+ Kg7 47. Qb7+ Kh6 48. Qb1 Qe2 0-1

[Event "RUS-ch Women Rapid 2019"]
[Site "Sochi"]
[Date "2019.10.16"]
[Round "6.9"]
[White "Utiatskaja, Irina"]
[Black "Gritsayeva, Oksana"]
[Result "1-0"]
[ECO "B90"]
[WhiteElo "2172"]
[BlackElo "2260"]
[Annotator "NA"]
[PlyCount "91"]
[EventDate "2019.10.15"]
[EventType "swiss"]
[EventCountry "RUS"]
[SourceTitle "playchess.com"]
[Source "ChessBase"]
[SourceQuality "1"]
[TimeControl "900+10"]

1. e4 c5 2. Nf3 d6 3. d4 cxd4 4. Nxd4 Nf6 $11 5. Nc3 a6 6. Be3 e5 7. Nf3 Qc7 8. Bg5 Nbd7 9. a4 Be7 10. Nd2 h6 11. Bh4 b6 12. Bc4 Bb7 13. Qe2 O-O 14. O-O Rfe8 15. Rfd1 Nc5 16. Bxf6 Bxf6 17. Bd5 Ne6 18. Bxb7 Nd4 19. Qd3 Qxb7 20. Nd5 Be7 21. c3 Ne6 22. g3 b5 23. b4 Rac8 24. Nf1 Bg5 25. h4 Bd8 26. Nfe3 g6 27. Ra2 Kg7 28. Rda1 Nc7 29. axb5 axb5 30. Ra7 Qc6 31. Nxc7 Rxc7 32. Rxc7 Bxc7 33. Nd5 Rb8 34. Ra7 Bb6 35. Qf3 Qe8 36. Qf6+ Kg8 37. Ne7+ Kh7 38. Nf5 gxf5 39. Rxf7+ Qxf7 40. Qxf7+ Kh8 41. Qf6+ Kg8 42. exf5 Rf8 43. Qg6+ Kh8 44. Qxh6+ Kg8 45. Qg6+ Kh8 46. f6 1-0

[Event "RUS-ch Women Rapid 2019"]
[Site "Sochi"]
[Date "2019.10.16"]
[Round "6.10"]
[White "Karavaeva, Olga"]
[Black "Gvanceladze, Anna"]
[Result "1-0"]
[ECO "B13"]
[WhiteElo "2260"]
[BlackElo "2270"]
[Annotator "NA"]
[PlyCount "113"]
[EventDate "2019.10.15"]
[EventType "swiss"]
[EventCountry "RUS"]
[SourceTitle "playchess.com"]
[Source "ChessBase"]
[SourceQuality "1"]
[TimeControl "900+10"]

1. c4 c6 2. e4 d5 3. exd5 cxd5 4. d4 Nf6 5. Nc3 Nc6 6. Nf3 Be6 7. c5 g6 8. Bd3 Bg7 9. O-O O-O 10. h3 Bf5 11. a3 Ne4 12. Be3 b6 13. cxb6 axb6 14. Rc1 Na5 15. Re1 Nxc3 16. Rxc3 Bxd3 17. Qxd3 Nc4 18. Bc1 Qd6 19. g3 e6 20. Re2 Rac8 21. Rec2 Qd7 22. Bf4 h6 23. h4 h5 24. Kg2 Rfe8 25. Ne5 Nxe5 26. dxe5 Qb7 27. Qb5 d4+ 28. Rc6 d3 29. R2c3 Red8 30. Kf1 Rxc6 31. Qxc6 Qxc6 32. Rxc6 d2 33. Bxd2 Rxd2 34. Rxb6 Bxe5 35. b4 Ra2 36. Ra6 Kf8 37. b5 Ke7 38. b6 f5 39. a4 Kd7 40. a5 Rb2 41. Ra7+ Kd6 42. b7 Rxf2+ 43. Ke1 Rb2 44. a6 Bxg3+ 45. Kd1 Kc7 46. Kc1 Rb4 47. Kc2 Bd6 48. Ra8 Kd7 49. Rg8 Ra4 50. Ra8 f4 51. a7 Rxa7 52. Rxa7 Bb8 53. Ra6 Be5 54. Kd3 Bb8 55. Ke4 Bc7 56. Ra8 e5 57. b8=Q 1-0

[Event "RUS-ch Women Rapid 2019"]
[Site "Sochi"]
[Date "2019.10.16"]
[Round "6.11"]
[White "Ivanova, Anastasia S."]
[Black "Bykova, Anastasia"]
[Result "0-1"]
[ECO "B18"]
[WhiteElo "1866"]
[BlackElo "2247"]
[Annotator "NA"]
[PlyCount "54"]
[EventDate "2019.10.15"]
[EventType "swiss"]
[EventCountry "RUS"]
[SourceTitle "playchess.com"]
[Source "ChessBase"]
[SourceQuality "1"]
[TimeControl "900+10"]

1. e4 c6 2. d4 d5 3. Nc3 dxe4 4. Nxe4 Bf5 5. Ng3 Bg6 6. Nf3 Nd7 7. Bd3 Bxd3 8. Qxd3 $11 Ngf6 9. O-O e6 10. Bf4 Be7 11. c4 O-O 12. Rfe1 Re8 13. b3 a5 14. Rad1 a4 15. Rb1 axb3 16. Rxb3 Ra7 17. Reb1 Qa8 18. Ne5 Rd8 19. Qf3 Nxe5 20. dxe5 Nd7 21. Be3 Rxa2 22. Rxb7 Nxe5 23. Qe4 Bf6 24. Bd4 Ng6 25. Bxf6 gxf6 26. Qxc6 Ra1 27. Qb5 Ne5 0-1